 Dungeon Crawl Stone Soup version 0.28-a0-750-g7c675f85b1 (webtiles) character file.

Game seed: 13763573360977403294

112 ytrimaz the Chopper (level 4, -5/34 HPs)
             Began as a Demonspawn Gladiator on Oct 29, 2021.
             Slain by an ogre (25 damage)
             ... on level 4 of the Dungeon.
             The game lasted 00:05:06 (3228 turns).

ytrimaz the Chopper (Demonspawn Gladiator)          Turns: 3228, Time: 00:05:07

Health: -5/34      AC:  7    Str: 16    XL:     4   Next: 64%
Magic:  4/4        EV: 10    Int: 11    God:
Gold:   132        SH:  0    Dex: 14    Spells: 4/4 levels left

rFire   . . .      SeeInvis .   a - +0 war axe
rCold   . . .      Faith    .   (no shield)
rNeg    . . .      Spirit   .   j - +0 scale mail
rPois   .          Reflect  .   c - +0 helmet
rElec   .          Harm     .   (no cloak)
rCorr   .          Rampage  .   (no gloves)
Will    .....                   (no boots)
Stlth   ..........              g - amulet of magic regeneration
HPRegen 0.11/turn               (no ring)
MPRegen 0.43/turn               (no ring)

@: hasted, very quick
A: spiny 1, magic regeneration, big brain 1
a: no special abilities


You were on level 4 of the Dungeon.
You visited 1 branch of the dungeon, and saw 4 of its levels.

You collected 132 gold pieces.

Inventory:

Hand Weapons
 a - a +0 war axe (weapon)
Missiles
 d - 3 throwing nets (quivered)
Armour
 c - a +0 helmet (worn)
 j - a +0 scale mail (worn)
Jewellery
 g - an amulet of magic regeneration (around neck)
 i - a ring of ice
Scrolls
 k - a scroll of identify
Potions
 b - a potion of magic
 e - a potion of curing
 f - a potion of heal wounds
 l - a potion of lignification
 m - a potion of attraction


   Skills:
 + Level 2.3 Fighting
 + Level 3.7 Axes
 - Level 1.7 Throwing
 - Level 1.5 Armour
 + Level 3.3 Dodging
 * Level 0.5 Spellcasting


You had 4 spell levels left.
You didn't know any spells.
Your spell library contained the following spells:

 Spells                   Type           Power      Damage    Failure   Level
 Ensorcelled Hibernation  Hex/Ice        0%         N/A       88%         2
 Tukima's Dance           Hex            0%         N/A       98%         3


Dungeon Overview and Level Annotations

Branches:
Dungeon (4/15)
 Temple: D:4-7

Altars:


Innate Abilities, Weirdness & Mutations

You are partially covered in sharp spines.
You regenerate magic rapidly.
You have an unusually large brain. (Int +2)


Message History

You see here 22 stones.
You see here 10 poisoned darts.
Found a stone staircase leading up.
k - a scroll of identify Done exploring.
No target in view!
No target in view!
No target in view!
No target in view!
No target in view!
No target in view!
No target in view!
No target in view!
No target in view!
No target in view!
No target in view!
Done exploring.
Done exploring.
Done exploring.
You see here a +0 hand axe.
Things that are here:
a +0 whip; a boomerang
Things that are here:
a +0 hand axe; a +0 flail; a +0 leather armour
There is a stone staircase leading down here.
You climb downwards.
The ogre shouts!
Found a stone staircase leading down.
There is a stone staircase leading up here.
You feel yourself speed up.
You hit the ogre.
The ogre is lightly wounded.
You hit the ogre.
The ogre is moderately wounded.
The ogre hits you with a +0 giant spiked club!
You slash the ogre!
The ogre is severely wounded.
The ogre hits you with a +0 giant spiked club!!
Ouch! That really hurt!
You die...

####.#..#
........#####
##..........#
...........#
#.........##
#..........#
#..........#
#....@O....#
#..........#
........>....#
###..........#
#####.####.#
#.# # #.# ..#


You could see an ogre.

Vanquished Creatures
  2 adders (D:2)
  5 dart slugs
  3 worms
  4 orcs (D:3)
  8 ball pythons
  7 bats
  7 endoplasms
  4 giant cockroaches
  8 goblins
  3 hobgoblins
  2 quokkas
  4 frilled lizards
  8 kobolds
  7 rats
72 creatures vanquished.

Notes
Turn   | Place    | Note
-------+----------+-------------------------------------------
     0 | D:1      | ytrimaz the Demonspawn Gladiator began the quest for the
                  | Orb.
     0 | D:1      | Reached XP level 1. HP: 16/16 MP: 1/1
   214 | D:1      | Gained mutation: You have an unusually large brain. (Int
                  | +2) [demonic ancestry]
   214 | D:1      | Reached XP level 2. HP: 19/22 MP: 2/2
   616 | D:1      | Reached skill level 1 in Armour
   786 | D:1      | Gained mutation: You are partially covered in sharp spines.
                  | [demonic ancestry]
   786 | D:1      | Reached XP level 3. HP: 27/27 MP: 3/3
  1590 | D:2      | Gained mutation: You regenerate magic rapidly. [demonic
                  | ancestry]
  1590 | D:2      | Reached XP level 4. HP: 31/33 MP: 4/4
  3224 | D:4      | Noticed an ogre
  3228 | D:4      | Slain by an ogre

Illustrated notes

Levels and vault maps discovered:
D:1:      evilmike_arrival_hilbert_curve, layout_rooms, minmay_misc_feat_hallway
D:2:      minmay_evil_eye, layout_basic
D:3:      layout_basic
D:4:      kennysheep_kobold_camp, layout_loops_ring,
          mainiacjoe_overflow_alcove_1, minmay_shop_grid_forest, uniq_pikel

Skill      XL: |  1  2 |
---------------+-------+-----
Axes           | 3 |  3.7
Dodging        | 3 |  3.3
Armour         | 1 |  1.5
Fighting       | |  2.3
Throwing       | |  1.7
Spellcasting   | |  0.5

Action                   |  1- 3 |  4- 6 || total
-------------------------+-------+-------++-------
Melee: War axe           |    89 |    54 ||   143
  Use: Scroll            |     3 |     5 ||     8
       Potion            |       |     1 ||     1
Armor: Leather armour    |    18 |       ||    18
       Scale mail        |    14 |    20 ||    34
Dodge: Dodged            |    82 |    29 ||   111

Table legend: (Time is in decaauts)
 A = Elapsed time spent in this place.
 B = Non-inter-level travel time spent in this place.
 C = Inter-level travel time spent in this place.
 D = Time resting spent in this place.
 E = Time spent auto-exploring this place.
 F = Levels seen in this place.
 G = Mean time per level.
                   A        B        C        D        E       F      G
               +--------+--------+--------+--------+--------+-----+--------+
         Total |   3274 |   3098 |    176 |      0 |   2521 |   4 |  818.5 |
       Dungeon |   3274 |   3098 |    176 |      0 |   2521 |   4 |  818.5 |
               +--------+--------+--------+--------+--------+-----+--------+

Top non-repeatable levels by time:
     D:3: 1256 daAuts
     D:1: 1224 daAuts
     D:2: 790 daAuts
     D:4: 3 daAuts
